 Dungeon Crawl Stone Soup version 0.30.1-11-g7821555f0a (webtiles) character file.

Game seed: 16716980995433355126

174483 Peloso the Hoplite (level 17, -4/162 HPs)
             Began as a Minotaur Fighter on Nov 3, 2023.
             Was the Champion of Okawaru.
             Slain by a tarantella (5 damage)
             ... summoned by a broodmother
             ... on level 1 of the Spider Nest on Nov 4, 2023.
             The game lasted 01:36:51 (38098 turns).

Peloso the Hoplite (Minotaur Fighter)              Turns: 38098, Time: 01:36:52

Health: -4/162     AC: 29    Str: 25      XL:     17   Next: 45%
Magic:  0/18       EV: 14    Int:  5 (8)  God:    Okawaru [******]
Gold:   3132       SH: 24    Dex: 22 (23) Spells: 16/16 levels left

rFire   . . .        a - +4 scimitar "Newtslayer" {freeze, Str+2}
rCold   . . .        d - +0 tower shield
rNeg    + + +        u - +9 chain mail of Dim Light {*Slow rN+++ Regen+}
rPois   +            (helmet restricted)
rElec   .            (no cloak)
rCorr   .            R - +1 pair of gloves of Okawaru's Envy {Int+3 Dex+2}
SInv    +            g - +1 pair of boots "Yvej" {rPois Dex+5 SInv Stlth-}
Will    +....        n - amulet of guardian spirit Stlth
                     z - +4 ring of slaying
HPRegen 1.27/turn    O - ring of flight
MPRegen 0.16/turn

%: slow self (1%), guardian spirit
@: mighty, lethally poisoned (-4 -> -4), about to teleport, flying, hasted and
slowed, studying Armour
A: horns 2, retaliatory headbutt
a: Renounce Religion, Heroism, Finesse, Duel


You were on level 1 of the Spider Nest.
You worshipped Okawaru.
Okawaru was exalted by your worship.
You visited 6 branches of the dungeon, and saw 27 of its levels.

You collected 4394 gold pieces.
You spent 1262 gold pieces at shops.

Inventory:

Hand Weapons
 a - the +4 scimitar "Newtslayer" (weapon) {freeze, Str+2}
   (Okawaru gifted it to you on level 11 of the Dungeon)

   Str:       It affects your strength (+2).
 b - a +2 long sword of holy wrath
 c - a +0 heavy long sword
Armour
 d - a +0 tower shield (worn)
 g - the +1 pair of boots "Yvej" (worn) {rPois Dex+5 SInv Stlth-}
   (Okawaru gifted it to you on level 1 of the Elven Halls)

   Dex:       It affects your dexterity (+5).
   rPois:     It protects you from poison.
   SInv:      It lets you see invisible.
   Stlth:     It makes you less stealthy.
 u - the +9 chain mail of Dim Light (worn) {*Slow rN+++ Regen+}
   (You found it on level 1 of the Spider Nest)

   rN:        It renders you almost immune to negative energy.
   Regen:     It increases your rate of health regeneration.
   *Slow:     It may slow you when you take damage.
 M - a +2 chain mail of fire resistance
 R - the +1 pair of gloves of Okawaru's Envy (worn) {Int+3 Dex+2}
   (Okawaru gifted it to you on level 2 of the Lair of Beasts)

   Int:       It affects your intelligence (+3).
   Dex:       It affects your dexterity (+2).
 T - the +5 plate armour of Nadeyw {Dex+2 Stlth+}
   (You took it off an orc knight on level 1 of the Orcish Mines)

   Dex:       It affects your dexterity (+2).
   Stlth:     It makes you more stealthy.
 W - the +2 crystal plate armour of True Grit {rC+}
   (Okawaru gifted it to you on level 15 of the Dungeon)

   rC:        It protects you from cold.
 Z - the +2 pair of slick slippers {slick, slippery, EV+4}
   (You bought it in a shop on level 2 of the Orcish Mines)

   Slick:     Its wearer cannot be constricted, engulfed, netted or webbed.
   Slippery:  Its wearer slips away from damaging melee attacks, pulling the
   attacker onward.
   EV:        It affects your evasion (+4).
Jewellery
 e - a ring of wizardry
 m - a ring of resist corrosion
 n - an amulet of guardian spirit (around neck)
 z - a +4 ring of slaying (left hand)
 L - a ring of protection from fire
 O - a ring of flight (right hand)
 S - a ring of protection from cold
 U - a ring of willpower
Wands
 y - a wand of flame (7)
 A - a wand of iceblast (11)
 D - a wand of paralysis (2)
Scrolls
 h - 13 scrolls of teleportation
 i - 4 scrolls of fear
 l - 4 scrolls of poison
 p - a scroll of enchant weapon
 q - 3 scrolls of magic mapping
 s - a scroll of silence
 t - a scroll of brand weapon
 v - 7 scrolls of immolation
 w - 14 scrolls of identify
 x - a scroll of amnesia
 F - a scroll of blinking
Potions
 f - a potion of might
 j - 5 potions of flight
 k - 2 potions of magic
 o - 4 potions of curing
 r - 4 potions of heal wounds
 B - 2 potions of resistance
 C - 2 potions of haste


   Skills:
 + Level 17.6 Fighting
 + Level 18.3 Long Blades
 + Level 4.1 Maces & Flails
 + Level 18.8 Armour
 + Level 7.5 Dodging
 + Level 2.2 Stealth
 + Level 21.4 Shields
 + Level 0.1 Unarmed Combat
 + Level 3.8 Invocations
 + Level 1.9 Evocations


You had 16 spell levels left.
You didn't know any spells.
Your spell library contained the following spells:

 Spells                   Type           Power      Damage    Failure   Level
 Apportation              Tloc           0%         N/A       92%         1
 Necrotise                Necr           0%         1d4       92%         1
 Blink                    Tloc           0%         N/A       98%         2
 Ensorcelled Hibernation  Hex/Ice        0%         N/A       98%         2
 Lesser Beckoning         Tloc           0%         N/A       98%         2
 Momentum Strike          Conj/Tloc      0%         3d8       98%         2
 Static Discharge         Conj/Air       0%         2-2/arc   98%         2
 Dazzling Flash           Conj/Hex       0%         N/A       100%        3
 Hailstorm                Conj/Ice       0%         3d3       100%        3
 Portal Projectile        Hex/Tloc       0%         N/A       100%        3
 Spider Form              Tmut/Pois      0%         N/A       100%        3
 Stone Arrow              Conj/Erth      0%         3d7       100%        3
 Volatile Blastmotes      Fire/Tloc      0%         2d10      100%        3
 Airstrike                Air            0%         2d(0-16)  100%        4
 Anguish                  Hex/Necr       0%         N/A       100%        4
 Fulminant Prism          Conj/Hex       0%         3d5       100%        4
 Ice Form                 Ice/Tmut       0%         N/A       100%        4
 Iskenderun's Mystic Bla  Conj/Tloc      0%         2d3       100%        4
 Leda's Liquefaction      Hex/Erth       0%         N/A       100%        4
 Agony                    Necr           0%         N/A       100%        5
 Blade Hands              Tmut           0%         N/A       100%        5
 Borgnjor's Vile Clutch   Necr/Erth      0%         N/A       100%        5
 Irradiate                Conj/Tmut      0%         3d11      100%        5
 Lee's Rapid Deconstruct  Erth           0%         3d4*      100%        5
 Silence                  Hex/Air        0%         N/A       100%        5
 Starburst                Conj/Fire      0%         6d3       100%        6
 Dragon Form              Tmut           0%         N/A       100%        7
 Ozocubu's Refrigeration  Ice            0%         4d7       100%        7
 Storm Form               Tmut/Air       0%         N/A       100%        7
 Maxwell's Capacitive Co  Air            0%         ∞         100%        8
 Polar Vortex             Ice            0%         N/A       100%        9
 Summon Small Mammal      Summ           Unusable   N/A       N/A         1
 Call Canine Familiar     Summ           Unusable   N/A       N/A         3
 Summon Guardian Golem    Hex/Summ       Unusable   N/A       N/A         3
 Animate Dead             Necr           Unusable   N/A       N/A         4
 Summon Lightning Spire   Summ/Air       Unusable   N/A       N/A         4
 Summon Mana Viper        Hex/Summ       Unusable   N/A       N/A         5
 Death Channel            Necr           Unusable   N/A       N/A         6
 Simulacrum               Ice/Necr       Unusable   N/A       N/A         6

Dungeon Overview and Level Annotations

Branches:
Dungeon (15/15)            Temple (1/1) D:5            Lair (5/5) D:8
 Shoals (0/4) Lair:3       Spider (2/4) Lair:3        Slime (0/5) Lair:4
    Orc (2/2) D:11            Elf (2/3) Orc:2        Vaults (0/5) D:13
 Depths (0/4) D:15

Altars:
Ashenzari
Cheibriados
Dithmenos
Elyvilon
Fedhas
Gozag
Hepliaklqana
Kikubaaqudgha
Makhleb
Nemelex Xobeh
Okawaru
Qazlal
Ru
Sif Muna
Trog
Uskayaw
Vehumet
Wu Jian
Xom
Yredelemnul
Zin
The Shining One
Jiyva

Shops:
D:2 *   D:4 [   D:5 :   Orc:2 [[?[   Elf:1 :?

Portals:
Trove: D:11 (give 15 scrolls of teleportation)

Annotations:
Lair:1 Casa
Spider:1 2 transporters, exclusion: orange crystal statue
Elf:2 3 runed translucent doors


Innate Abilities, Weirdness & Mutations

You have a pair of horns on your head.
You reflexively headbutt those who attack you in melee.


Message History

The culicivora closely misses you. You block the tarantella's attack.
You block the broodmother's attack. You block the redback's attack.
The orange crystal statue glitters.
You resist with some effort. The ghost moth stares at you.
The jumping spider leaps!
You slice the broodmother!! You freeze the broodmother.
The broodmother is severely wounded.
You feel sick.
The jumping spider leaps!
You block the wolf spider's attack. x2
The culicivora bites you but does no damage.
You block the tarantella's attack.
The redback bites you but does no damage.
The broodmother bites you!
* * * LOW HITPOINT WARNING * * *
The jumping spider leaps!
The orange crystal statue fixes its piercing gaze on you.
You feel dopey. Something feeds on your intellect!
You slash the broodmother! You freeze the broodmother.
You headbutt the broodmother!
The broodmother is severely wounded.
You feel sick. The culicivora closely misses you. You furiously retaliate!
You headbutt the culicivora! You block the wolf spider's attack.
The wolf spider bites you.
* * * LOW HITPOINT WARNING * * *
The ghost moth stares at you.
You feel your power leaking away. You block the tarantella's attack.
The redback bites you but does no damage.
The broodmother barely misses you. The ghost moth stares at you.
You slice the broodmother!! You freeze the broodmother.
The broodmother is almost dead.
You feel sick. The culicivora bites you!
* * * LOW HITPOINT WARNING * * *
The wolf spider hits you!
* * * LOW HITPOINT WARNING * * *
You block the wolf spider's attack.
The jumping spider leaps!
The tarantella touches you.
You die...

#############
##...........##
#..#########..#
#.##....ssy##.#
#.#8.#.s@#.8#.#
##.#...#s#sy$#.##
##..#°..○s.H[)#..##
#..©#..°.8.s$©#©..#
#...#.......=)#...#
#.#.#s..#.#.$|#...#
#.#.#8.#°..#.8#..##
#.!.##.......##..#
##...#########...#


You could see a broodmother, a jorogumo, 2 ghost moths, an orange crystal
statue, a wolf spider (summoned), a culicivora (summoned), 2 jumping spiders, 2
tarantellas and a redback (summoned).

Vanquished Creatures
  3 emperor scorpions
  A deep elf sorcerer (Elf:1)
  3 ghost moths
  The ghost of TowerOfEmptiness the Severer, a journeyman MiFi of Okawaru (Orc:2)
  2 orc warlords (Orc:1)
  A broodmother (Spider:2)
  A stone giant (D:15)
  3 spark wasps (Spider:2)
  Snorg (D:13)
  2 entropy weavers
  Harold (Orc:1)
  9 hydras
  A jorogumo (Spider:1)
  4 radroaches (Spider:1)
  2 rakshasas
  A death knight (D:13)
  4 ogre magi (Orc:2)
  A catoblepas (D:14)
  4 boulder beetles
  16 two-headed ogres
  8 centaur warriors
  11 dancing weapons
  4 tengu warriors
  2 deep elf knights
  A fire crab (Lair:5)
  3 pharaoh ants
  A sun moth (Spider:2)
  8 skeletal warriors
  10 orb spiders
  2 lindwurms
  A deep elf archer (Elf:2)
  Pikel (D:6)
  16 deep elf zephyrmancers
  3 steelbarb worms
  4 orc knights
  A necromancer (D:13)
  10 ugly things
  12 cyclopes
  15 wolf spiders
  2 orc sorcerers
  14 deep elf pyromancers
  5 oklob plants (Lair:3)
  2 manticores
  3 elephants (Lair:3)
  A moth of wrath (Spider:1)
  A merfolk siren (Lair:3)
  An eye of devastation (Lair:4)
  10 black mambas
  15 cane toads
  3 torpor snails
  3 demonic crawlers (Spider:1)
  2 gargoyles
  A guardian serpent (Lair:5)
  An unseen horror (shapeshifter) (D:14)
  4 rime drakes
  3 komodo dragons
  4 yaktaurs (D:15)
  A guardian mummy (D:11)
  9 trolls
  6 meliai
  15 polar bears
  Grinder (D:4)
  A raiju (Lair:5)
  A queen bee (Spider:2)
  15 tarantellas
  15 blink frogs
  6 hornets
  14 dream sheep
  14 slime creatures
  19 culicivoras
  3 air elementals (Elf:2)
  2 vampires
  20 jumping spiders
  A shadow (D:12)
  10 wyverns (Lair:5)
  4 wraiths
  2 fire elementals (Elf:1)
  44 yaks
  A steam dragon (D:7)
  6 basilisks
  25 redbacks
  A vampire mosquito (D:13)
  6 wargs
  16 hell hounds (Lair:5)
  14 water moccasins
  An acid dragon (D:11)
  A floating eye (Lair:4)
  A sky beast (D:5)
  30 orc warriors
  2 ice beasts (D:6)
  14 black bears
  28 wolves
  33 ogres
  22 centaurs
  2 phantoms
  5 kobold brigands
  Blork the orc (D:4)
  18 bullfrogs
  An earth elemental (Elf:2)
  A gnoll sergeant (D:12)
  3 scorpions
  11 wights
  12 killer bees
  2 howler monkeys (D:9)
  2 electric eels (Lair:2)
  3 hounds
  2 jellies
  18 orc priests
  2 sleepcaps
  5 iguanas
  30 orc wizards
  Natasha (thrice) (D:3)
  5 adders
  16 gnolls
  2 shadow imps (D:7)
  6 white imps
  2 ufetubi (D:7)
  3 worms
  3 dart slugs
  106 orcs
  6 endoplasms
  2 giant cockroaches (D:3)
  3 goblins
  5 hobgoblins
  4 jackals (D:3)
  16 kobolds
  2 quokkas (D:1)
  6 ball pythons
  6 bats
  5 frilled lizards (D:1)
  3 rats
975 creatures vanquished.

Notes
Turn   | Place    | Note
-------+----------+-------------------------------------------
     0 | D:1      | Peloso the Minotaur Fighter began the quest for the Orb.
     0 | D:1      | Reached XP level 1. HP: 19/19 MP: 0/0
   644 | D:1      | Reached XP level 2. HP: 23/27 MP: 1/1
  1297 | D:2      | Found Navut's General Store.
  1359 | D:2      | Reached XP level 3. HP: 33/33 MP: 2/2
  1461 | D:1      | Reached skill level 4 in Shields
  1549 | D:2      | Reached XP level 4. HP: 36/40 MP: 3/3
  2121 | D:3      | Noticed Natasha
  2130 | D:3      | Killed Natasha
  2172 | D:3      | Noticed Natasha
  2211 | D:3      | Killed Natasha
  2212 | D:3      | Reached XP level 5. HP: 47/47 MP: 4/4
  2247 | D:3      | Noticed Natasha
  2253 | D:3      | Killed Natasha
  2254 | D:3      | Reached skill level 5 in Armour
  2476 | D:3      | Found a glowing silver altar of Zin.
  2567 | D:3      | You fall into a shaft and drop 2 floors!
  2567 | D:5      | Entered Level 5 of the Dungeon
  2610 | D:5      | Reached skill level 5 in Long Blades
  2610 | D:5      | Reached XP level 6. HP: 53/53 MP: 5/5
  2671 | D:4      | Found Qeoheas's Armour Boutique.
  2695 | D:4      | Noticed Grinder
  2704 | D:4      | Paralysed by Grinder for 2 turns
  2722 | D:4      | Reached skill level 5 in Fighting
  2734 | D:4      | Paralysed by Grinder for 4 turns
  2743 | D:4      | Paralysed by Grinder for 2 turns
  2745 | D:4      | Killed Grinder
  2746 | D:4      | Reached skill level 1 in Dodging
  2746 | D:4      | Reached skill level 5 in Shields
  2746 | D:4      | Reached XP level 7. HP: 42/61 MP: 4/6
  3058 | D:4      | Found an ornate altar of the Wu Jian Council.
  3091 | D:4      | Noticed Blork the orc
  3102 | D:4      | Killed Blork the orc
  3213 | D:4      | Found a hide-covered altar of Uskayaw.
  3860 | D:5      | Reached XP level 8. HP: 70/70 MP: 7/7
  3868 | D:5      | Found a staircase to the Ecumenical Temple.
  3891 | Temple   | Entered the Ecumenical Temple
  4449 | D:5      | Found Uxtobom's Book Boutique.
  5089 | D:6      | Reached skill level 6 in Shields
  5157 | D:6      | Found an iron altar of Okawaru.
  5164 | D:6      | Reached XP level 9. HP: 78/78 MP: 6/8
  5175 | D:6      | Became a worshipper of Warmaster Okawaru
  5378 | D:6      | Noticed Pikel
  5402 | D:6      | Killed Pikel
  5402 | D:6      | Reached * piety under Okawaru
  5403 | D:6      | Reached skill level 10 in Long Blades
  5589 | D:6      | Found a snail-covered altar of Cheibriados.
  6026 | D:7      | Reached skill level 7 in Shields
  6377 | D:7      | Found an ancient bone altar of Kikubaaqudgha.
  6449 | D:7      | Found a bloodstained altar of Trog.
  6964 | D:7      | Reached XP level 10. HP: 69/90 MP: 7/9
  7076 | D:7      | Reached skill level 1 in Invocations
  7083 | D:7      | Reached ** piety under Okawaru
  7480 | D:8      | Noticed a two-headed ogre
  7487 | D:8      | Killed a two-headed ogre
  7488 | D:8      | Reached skill level 8 in Shields
  7593 | D:8      | Found a staircase to the Lair.
  7651 | D:8      | Noticed a rakshasa
  8331 | D:8      | Noticed a tengu warrior
  8351 | D:8      | Killed a tengu warrior
  8593 | D:8      | Killed a rakshasa
  8594 | D:8      | Reached skill level 9 in Shields
  9113 | D:9      | Reached skill level 10 in Armour
  9115 | D:9      | Reached XP level 11. HP: 95/97 MP: 8/11
  9255 | D:9      | Reached skill level 1 in Stealth
  9280 | D:9      | Reached *** piety under Okawaru
  9511 | D:9      | Found a glowing golden altar of the Shining One.
  9513 | D:9      | Noticed an angel
  9523 | D:9      | Found a basalt altar of Yredelemnul.
  9525 | D:9      | Noticed a profane servitor
  9648 | D:9      | Found a hazy altar of Hepliaklqana.
  9747 | D:10     | Entered Level 10 of the Dungeon
 10062 | D:10     | Found a shadowy altar of Dithmenos.
 10120 | D:10     | Found a sacrificial altar of Ru.
 10427 | D:10     | Reached skill level 10 in Shields
 10604 | D:11     | Reached **** piety under Okawaru
 10643 | D:11     | Noticed a two-headed ogre
 10649 | D:11     | Killed a two-headed ogre
 10650 | D:11     | Reached skill level 10 in Fighting
 10798 | D:11     | Found a staircase to the Orcish Mines.
 11385 | D:11     | Found a portal to a secret trove of treasure.
 11680 | D:11     | Noticed a two-headed ogre
 11692 | D:11     | Killed a two-headed ogre
 11906 | D:8      | Reached skill level 11 in Shields
 11971 | Lair:1   | Entered Level 1 of the Lair of Beasts
 11997 | Lair:1   | Reached ***** piety under Okawaru
 12091 | D:8      | Reached XP level 12. HP: 96/108 MP: 10/12
 14253 | Lair:2   | Noticed a four-headed hydra
 14271 | Lair:2   | Killed a four-headed hydra
 14272 | Lair:2   | Reached skill level 1 in Evocations
 14317 | Lair:2   | Reached skill level 12 in Shields
 14318 | Lair:2   | Noticed a five-headed hydra
 14337 | Lair:2   | Killed a five-headed hydra
 14337 | Lair:2   | Identified the +1 pair of gloves of Okawaru's Envy {Int+3
                  | Dex+2} (Okawaru gifted it to you on level 2 of the Lair of
                  | Beasts)
 14337 | Lair:2   | Received a gift from Okawaru
 14338 | Lair:2   | Reached skill level 1 in Maces & Flails
 14903 | Lair:3   | Reached skill level 13 in Shields
 15035 | Lair:3   | Reached XP level 13. HP: 68/118 MP: 9/14
 15687 | Lair:3   | Found a staircase to the Shoals.
 16532 | Lair:3   | Found a hole to the Spider Nest.
 18672 | D:12     | Reached skill level 14 in Shields
 19076 | D:12     | Reached skill level 5 in Dodging
 19250 | D:12     | Received a gift from Okawaru
 19725 | Orc:1    | Entered Level 1 of the Orcish Mines
 19821 | Orc:1    | Noticed Harold
 19845 | Orc:1    | Killed Harold
 19879 | Orc:1    | Reached skill level 15 in Long Blades
 20160 | Orc:1    | Noticed an orc warlord
 20183 | Orc:1    | Killed an orc warlord
 20188 | Orc:1    | Paralysed by an orc sorcerer for 4 turns
 20460 | D:11     | Identified the +4 scimitar "Newtslayer" {freeze, Str+2}
                  | (Okawaru gifted it to you on level 11 of the Dungeon)
 20460 | D:11     | Received a gift from Okawaru
 20901 | Orc:1    | Identified the +5 plate armour of Nadeyw {Dex+2 Stlth+}
 20996 | Orc:1    | Noticed an orc warlord
 21021 | Orc:1    | Killed an orc warlord
 21038 | Orc:1    | Identified the +4 dagger of Enozirug {pain, rElec Str-3
                  | Dex+3}
 21093 | Orc:1    | Found the +8 lance "Wyrmbane" {slay drac, rPois rF+ rC+
                  | AC+3}
 21097 | Orc:1    | Identified the staff of air "Reuneg" {+Blink rElec rPois
                  | rN+ Str-5}
 21214 | Orc:2    | Entered Level 2 of the Orcish Mines
 21215 | Orc:2    | Found Ylusch's Antique Armour Shoppe.
 21215 | Orc:2    | Found Emutit's Armour Boutique.
 21217 | Orc:2    | Received a gift from Okawaru
 21218 | Orc:2    | Reached skill level 15 in Shields
 21218 | Orc:2    | Reached XP level 14. HP: 129/129 MP: 15/15
 21667 | Orc:2    | Found Bypoong's Magic Scroll Boutique.
 21667 | Orc:2    | Found Geuboesku's Antique Armour Emporium.
 21688 | Orc:2    | Bought a scroll of teleportation for 51 gold pieces
 21688 | Orc:2    | Bought a scroll of teleportation for 51 gold pieces
 21691 | Orc:2    | Bought the +2 pair of slick slippers {slick, slippery,
                  | EV+4} for 995 gold pieces
 21691 | Orc:2    | Found the +2 pair of slick slippers {slick, slippery, EV+4}
 21733 | Orc:2    | Noticed TowerOfEmptiness's ghost (journeyman MiFi)
 21952 | Orc:2    | Found a runed translucent gate.
 21952 | Orc:2    | Found a runed translucent gate.
 21952 | Orc:2    | Found a runed translucent gate.
 22106 | Orc:2    | Found a staircase to the Elven Halls.
 22800 | D:2      | Bought 3 scrolls of teleportation for 126 gold pieces
 23324 | Lair:4   | Reached skill level 15 in Armour
 23351 | Lair:4   | Paralysed by a floating eye for 3 turns
 23358 | Lair:4   | Paralysed by a floating eye for 2 turns
 23456 | Lair:4   | Paralysed by a floating eye for 4 turns
 23489 | Lair:4   | Reached skill level 16 in Shields
 23612 | Lair:4   | Found a viscous altar of Jiyva.
 23649 | Lair:4   | Found a staircase to the Slime Pits.
 24120 | Lair:4   | Identified the +0 scale mail of the Accordion {Int+3 Dex+3
                  | Slay-4 SInv} (Okawaru gifted it to you on level 4 of the
                  | Lair of Beasts)
 24120 | Lair:4   | Received a gift from Okawaru
 24253 | Lair:5   | Entered Level 5 of the Lair of Beasts
 24742 | Lair:5   | Found a shimmering altar of Xom.
 25552 | Lair:5   | Reached skill level 17 in Shields
 25676 | Lair:5   | Reached XP level 15. HP: 139/139 MP: 16/16
 26747 | D:13     | Noticed Snorg
 26762 | D:13     | Killed Snorg
 26803 | D:13     | Received a gift from Okawaru
 27087 | D:13     | Reached skill level 15 in Fighting
 27526 | D:13     | Identified the staff of death "Heful" {rN+ Str+4}
 27707 | D:13     | Found a gate to the Vaults.
 27850 | D:13     | Reached skill level 18 in Shields
 28982 | D:15     | Entered Level 15 of the Dungeon
 29026 | D:15     | Received a gift from Okawaru
 29267 | D:15     | Identified the +2 crystal plate armour of True Grit {rC+}
                  | (Okawaru gifted it to you on level 15 of the Dungeon)
 29267 | D:15     | Received a gift from Okawaru
 30129 | D:14     | Found a hazy altar of Hepliaklqana.
 31375 | D:15     | Reached XP level 16. HP: 99/151 MP: 12/17
 31861 | D:15     | Found a staircase to the Depths.
 32085 | Elf:1    | Entered Level 1 of the Elven Halls
 32413 | Orc:2    | Reached skill level 19 in Shields
 32720 | Elf:1    | Identified the +1 pair of boots "Yvej" {rPois Dex+5 SInv
                  | Stlth-} (Okawaru gifted it to you on level 1 of the Elven
                  | Halls)
 32720 | Elf:1    | Received a gift from Okawaru
 33049 | Spider:1 | Entered Level 1 of the Spider Nest
 33459 | Spider:1 | You fall into a shaft and drop 1 floor!
 33824 | Spider:2 | Reached skill level 20 in Shields
 34307 | Spider:1 | Identified the +5 arbalest of Moderation {freeze, rC- Str+6
                  | Int-4 Dex+3} (Okawaru gifted it to you on level 1 of the
                  | Spider Nest)
 34307 | Spider:1 | Received a gift from Okawaru
 34917 | Spider:1 | Identified the +9 chain mail of Dim Light {*Slow rN+++
                  | Regen+}
 34939 | Spider:1 | Found a transporter.
 34941 | Spider:1 | Found a transporter.
 35086 | Spider:1 | Identified the +3 flail of Destiny {pain, rN+ Str+3}
 35498 | Orc:2    | Killed TowerOfEmptiness's ghost
 35780 | Spider:2 | Reached XP level 17. HP: 104/161 MP: 0/18
 36618 | Elf:1    | Reached skill level 21 in Shields
 36643 | Elf:1    | Found Zyames's Book Shop.
 36715 | Elf:1    | Got Yfusecur's Information on Massed Violence
 37114 | Elf:1    | Found Gevyadwesatt's Magic Scroll Shoppe.
 37117 | Elf:1    | Bought a scroll of teleportation for 39 gold pieces
 37281 | Elf:2    | Paralysed by an air elemental for 1 turns
 37565 | Elf:2    | Paralysed by an orc sorcerer for 2 turns
 37579 | Elf:2    | Paralysed by an air elemental for 1 turns
 37580 | Elf:2    | Reached ****** piety under Okawaru
 37804 | Elf:2    | Found a runed translucent gate.
 37805 | Elf:2    | Found a runed translucent gate.
 37805 | Elf:2    | Found a runed translucent gate.
 38098 | Spider:1 | HP: 8/162 [culicivora[a broodmother] (12)]
 38098 | Spider:1 | HP: 1/162 [wolf spider[an orange crystal statue] (7)]
 38098 | Spider:1 | Slain by a tarantella

Illustrated notes

Levels and vault maps discovered:
D:1:      dpeg_arrival_tiny_d, layout_basic
D:2:      layout_basic, serial_shops, shop, chequers_serial_rivers_room_b,
          patterned_corridor
D:3:      layout_basic, zin_scriptorium, uniq_natasha
D:4:      layout_basic, nicolae_uskayaw_murder_on_the_dancefloor,
          mainiacjoe_overflow_boulevard, serial_shops, nicolae_shop_tiny_glass,
          uniq_blork_the_orc, uniq_grinder
D:5:      layout_rooms, minmay_temple_entry_hall, serial_shops, shop
D:6:      layout_basic, general_overflow_altar,
          hellmonk_okawaru_the_only_friend_you_need, serial_co_window_serial,
          co_window_paths_a, co_window_paths_b, co_window_paths_b,
          co_window_paths_b, co_window_of_opportunity_a,
          co_window_of_opportunity_a, co_window_corner_a, co_window_broadway_c,
          co_window_corner_ca, co_window_of_opportunity_b, glass_columns_b,
          glass_columns_c, glass_columns_c, glass_columns_a, glass_columns_c,
          corner_web_ring, supply_closet_lemuel, grunt_ministairs_15,
          grunt_decor_cap, uniq_pikel
D:7:      minmay_polygon_palace, layout_loops_corners,
          mainiacjoe_overflow_six_doors_small, kiku_gazebo_garden_becter,
          hangedman_decor_riveting
D:8:      nzn_winding_woodlands_small [nzn_winding_woodlands_5x15_default,
          nzn_winding_woodlands_center_diamonds,
          nzn_winding_woodlands_5x15_split_checker], layout_basic
D:9:      nicolae_cairo_tiling_very_big, layout_rooms,
          grunt_temple_overflow_holy_war, mainiacjoe_overflow_alcove_4
D:10:     layout_roguey, nicolae_ru_the_path_less_chosen, grunt_dithmenos_smoke
D:11:     layout_loops_corners, hiddenorc2_lemuel,
          nicolae_trove_entry_path_of_doom
D:12:     layout_loops_ring, serial_rivers, chequers_serial_rivers_room_a,
          chequers_serial_rivers_micro_e, chequers_serial_rivers_micro_b,
          chequers_serial_rivers_room_a, chequers_serial_rivers_micro_b,
          chequers_serial_rivers_micro_d
D:13:     kennysheep_bubbly, layout_basic, david_vaults_4, uniq_snorg
D:14:     layout_gridville, nicolae_hepliaklqana_hippocampus,
          dreamdust_princess_corridor
D:15:     grunt_enter_depths_snipers, layout_loops_ring, kennysheep_doodads
Temple:   eino_wide_crystal_templ
Lair:1:   layout_regular_city
Lair:2:   layout_regular_city, nicolae_lair_lil_pond, nzn_random_ring,
          serial_bayou_shore_a, grunt_megastairs_2
Lair:3:   layout_loops_ring, minmay_shoals_entry_lonely_mermaid,
          hellmonk_spider_entry_life_and_decay, ldierk_geyser, dpeg_oklob_1
Lair:4:   layout_roguey, minmay_slime_entry_eyes, serial_rivers,
          chequers_serial_rivers_micro_e, chequers_serial_rivers_micro_d,
          chequers_serial_rivers_micro_e, chequers_serial_rivers_micro_a,
          chequers_serial_rivers_micro_d, chequers_serial_rivers_large_b,
          infiniplex_staircase_pool_2, lemuel_fruit_tree
Lair:5:   hangedman_lair_caniforms_friends, layout_small_grid,
          hangedman_lair_tendril_chambers, pdpol_lair_neglected_garden,
          lemuel_centaur_altar
Spider:1: gammafunk_sealed_arena, nicolae_spider_orb_run
Spider:2: nicolae_spider_hall_of_the_moth_king, nicolae_looking_at_the_future
Orc:1:    layout_caves, minmay_orc_treasury, uniq_harold
Orc:2:    st_orc_ogre_mass, layout_caves, gammafunk_ghost_split
Elf:1:    minmay_elf_arrival_summoners, layout_geoelf_octagon, serial_shops,
          nicolae_shop_rolled_up, nicolae_shop_stone, minmay_elf_sorcery,
          lemuel_flamethrower_1
Elf:2:    nicolae_elf_blades_crystal_corner, layout_geoelf_octagon

Skill      XL: |  1  2  3  4  5  6  7  8  9 10 11 12 13 14 15 16 17 |
---------------+----------------------------------------------------+-----
Armour         | 4 5 6 7 8 10 11 12 14 15 16 18 | 18.8
Fighting       | 4 5 6 8 9 10 12 13 14 15 17 | 17.6
Long Blades    | 3 4 5 6 7 9 10 12 13 14 15 16 17 18 | 18.3
Shields        | 4 5 6 7 9 11 13 15 17 18 20 21 | 21.4
Dodging        | 1 2 3 4 5 6 7 |  7.5
Invocations    | 2 3 |  3.8
Stealth        | 1 2 |  2.2
Evocations     | 1 |  1.9
Maces & Flails | 2 3 4 |  4.1
Unarmed Combat | |  0.1

Action                     |  1- 3 |  4- 6 |  7- 9 | 10-12 | 13-15 | 16-18 || total
---------------------------+-------+-------+-------+-------+-------+-------++-------
  Melee: Long sword        |    73 |   120 |   334 |   801 |   506 |       ||  1834
         Headbutt          |    13 |    20 |    77 |   195 |   455 |   174 ||   934
         Unarmed           |       |     1 |       |       |       |       ||     1
         Whip              |       |       |       |    21 |    73 |       ||    94
         Scimitar          |       |       |       |       |   998 |   685 ||  1683
 Invoke: Heroism           |       |       |     2 |    14 |    28 |     6 ||    50
  Evoke: Wand              |       |       |     4 |     7 |    10 |       ||    21
    Use: Potion            |       |     1 |     1 |     3 |     5 |     4 ||    14
         Scroll            |       |       |       |    24 |     7 |     4 ||    35
   Stab: Distracted        |       |       |       |     1 |       |       ||     1
 Armour: Scale mail        |    30 |    65 |    23 |       |       |       ||   118
         Chain mail        |       |       |   127 |   179 |       |   152 ||   458
         Skin              |       |       |     1 |       |       |       ||     1
         Plate armour      |       |       |       |   313 |   683 |   211 ||  1207
  Dodge: Dodged            |    29 |    45 |    99 |   292 |   707 |   310 ||  1482
  Block: Buckler           |     2 |       |       |       |       |       ||     2
         Kite shield       |    32 |    52 |   144 |   614 |  1232 |   273 ||  2347
         Tower shield      |       |       |       |       |       |   548 ||   548
